 Dungeon Crawl Stone Soup version 0.30-a0-29-g142975f185 (webtiles) character file.

Game seed: 3524011115137305371

721 Flugkiller the Chopper (level 7, -4/63 HPs)
             Began as a Minotaur Fighter on Aug 25, 2022.
             Slain by a gnoll bouda
             ... wielding a +0 club
              (5 damage)
             ... on level 4 of the Dungeon.
             The game lasted 00:02:08 (4434 turns).

Flugkiller the Chopper (Minotaur Fighter)           Turns: 4434, Time: 00:02:08

Health: -4/63      AC:  8    Str: 18 (20) XL:     7   Next: 43%
Magic:  6/6        EV:  9    Int:  5      God:
Gold:   142        SH:  4    Dex: 12      Spells: 6/6 levels left

rFire   . . .      SeeInvis .    a - +0 war axe
rCold   . . .      Faith    .    c - +0 buckler
rNeg    . . .      Spirit   .    b - +0 scale mail
rPois   .          Reflect  .    (helmet restricted)
rElec   .          Harm     .    (no cloak)
rCorr   +          Rampage  .    (no gloves)
Will    .....                    h - +0 pair of boots
Stlth   ..........               (no amulet)
HPRegen 0.20/turn                k - ring of resist corrosion
MPRegen 0.10/turn                (no ring)

@: mighty, weakened
A: horns 2, retaliatory headbutt
a: no special abilities


You were on level 4 of the Dungeon.
You visited 1 branch of the dungeon, and saw 5 of its levels.

You collected 142 gold pieces.

Inventory:

Hand Weapons
 a - a +0 war axe (weapon)
Missiles
 l - 6 silver javelins (quivered)
Armour
 b - a +0 scale mail (worn)
 c - a +0 buckler (worn)
 h - a +0 pair of boots (worn)
   (You found it on level 1 of the Dungeon)
Jewellery
 k - a ring of resist corrosion (left hand)
   (You found it on level 4 of the Dungeon)
Wands
 n - a wand of iceblast (11)
   (You found it on level 2 of the Dungeon)
Scrolls
 e - 3 scrolls of teleportation {unknown}
 f - a scroll of blinking {unknown}
 g - 2 scrolls of identify {unknown}
 m - 2 scrolls of vulnerability {unknown}
 o - a scroll of enchant weapon {unknown}
 r - a scroll of immolation {unknown}
 s - a scroll of torment {unknown}
Potions
 i - a potion of berserk rage {unknown}
 j - a potion of haste {unknown}
 p - a potion of curing {unknown}
 q - a potion of ambrosia {unknown}


   Skills:
 + Level 6.1 Fighting
 * Level 7.4 Axes
 + Level 6.0 Armour
 - Level 3.6 Shields


You had 6 spell levels left.
You didn't know any spells.
Your spell library was empty.

Dungeon Overview and Level Annotations

Branches:
Dungeon (5/15)
 Temple: D:4-7

Altars:

Shops:
D:4 *


Innate Abilities, Weirdness & Mutations

You have a pair of horns on your head.
You reflexively headbutt those who attack you in melee.


Message History

You headbutt the gnoll bouda, but do no damage.
The gnoll bouda is severely wounded.
The gnoll hits you from afar with a +0 halberd.
You block the gnoll bouda's attack.
You are too injured to fight recklessly!
You barely miss the gnoll bouda.
The gnoll bouda is severely wounded.
The gnoll hits you from afar with a +0 halberd!
* * * LOW HITPOINT WARNING * * *
The gnoll bouda hits you but does no damage.
The gnoll bouda calls upon its god to heal the gnoll.
The gnoll is healed somewhat.
The gnoll bouda barks out a call to the hunt!
The gnoll picks up the pace!
The gnoll is no longer moving quickly.
The gnoll bouda gazes fiercely through you!
You feel your attacks grow feeble.
The gnoll is no longer moving quickly.
Your attacks no longer feel as feeble.
The gnoll bouda barks out a call to the hunt!
The gnolls pick up the pace!
The gnoll closely misses you.
The gnoll hits you from afar with a +0 halberd.
* * * LOW HITPOINT WARNING * * *
The gnoll is no longer moving quickly.
There is a stone staircase leading up here.
The gnoll closely misses you.
You climb upwards.
There is a stone staircase leading down here.
You start resting.
HP restored.
You climb downwards.
There is a stone staircase leading up here.
The gnoll bouda barks out a call to the hunt!
The gnolls pick up the pace!
The gnoll hits you but does no damage.
You barely miss the gnoll.
The gnoll bouda gazes fiercely through you!
You feel your attacks grow feeble. The gnoll hits you with a +0 halberd!
The gnoll bouda gazes fiercely through you!
You feel as though you will be weak longer.
You barely miss the gnoll. Your headbutt misses the gnoll.
The gnoll hits you with a +0 halberd!
You barely miss the gnoll. The gnoll hits you with a +0 halberd.
The gnoll hits you with a +0 halberd!
You barely miss the gnoll.
The gnoll bouda gazes fiercely through you!
You feel as though you will be weak longer.
The gnoll closely misses you. You furiously retaliate!
You headbutt the gnoll! You slash the gnoll!
You kill the gnoll!
The gnoll bouda hits you but does no damage.
Things that are here:
a +0 halberd; a gnoll corpse You barely miss the gnoll bouda.
You block the gnoll bouda's attack.
The gnoll bouda attacks as you move away!
The gnoll bouda hits you but does no damage.
The gnoll bouda attacks as you move away!
You block the gnoll bouda's attack.
There is a stone staircase leading up here.
You block the gnoll bouda's attack.
You climb upwards.
There is a stone staircase leading down here.
You hit the gnoll bouda.
The gnoll bouda is lightly wounded.
The gnoll bouda hits you but does no damage.
You hit the gnoll bouda but do no damage.
The gnoll bouda is lightly wounded.
The gnoll bouda hits you but does no damage.
You barely miss the gnoll bouda.
The gnoll bouda is lightly wounded.
The gnoll bouda gazes fiercely through you!
You feel as though you will be weak longer.
The gnoll bouda hits you with a +0 club. x2
The gnoll bouda hits you with a +0 club.
The gnoll bouda hits you with a +0 club.
* * * LOW HITPOINT WARNING * * *
You barely miss the gnoll bouda. You headbutt the gnoll bouda.
The gnoll bouda is lightly wounded.
The gnoll bouda hits you with a +0 club.
* * * LOW HITPOINT WARNING * * *
You closely miss the gnoll bouda.
The gnoll bouda is lightly wounded.
The gnoll bouda hits you with a +0 club.
* * * LOW HITPOINT WARNING * * *
You barely miss the gnoll bouda. Your headbutt misses the gnoll bouda.
The gnoll bouda is lightly wounded.
The gnoll bouda closely misses you.
You barely miss the gnoll bouda.
The gnoll bouda is lightly wounded.
The gnoll bouda barely misses you.
The gnoll bouda hits you but does no damage.
You feel very mighty all of a sudden.
The gnoll bouda hits you with a +0 club!
* * * LOW HITPOINT WARNING * * *
You barely miss the gnoll bouda.
The gnoll bouda is lightly wounded.
The gnoll bouda hits you with a +0 club.
You die...

#.##.#..#.# #.###.#
#.###
........#.###.###.# #.#
#.##..............###.#
....................#.#
#####.#.#####.##..#.#.#
# #..#.####.##..#.#.# #
#.###.........#.#.# #
#..#......>.....#.# #
#..[.......g@.....# #
#........###.##.### #
##.......# #.##.# #
######.....###.##.####
###....##..............#
#..####.#####....##.##.#
'..# #.#......^.......#
#### #.#...........####
..)####.#####.#######


You could see a gnoll bouda.

Vanquished Creatures
  An ice beast (D:4)
  A necrophage (D:4)
  2 scorpions (D:4)
  A howler monkey (D:4)
  A jelly (D:4)
  An iguana (D:4)
  6 orc wizards (D:4)
  5 adders
  4 gnolls
  A white imp (D:5)
  2 ufetubi (D:4)
  2 worms
  2 dart slugs
  8 orcs
  2 ball pythons
  4 bats
  9 endoplasms
  4 giant cockroaches
  11 goblins
  3 hobgoblins
  8 kobolds
  A quokka (D:3)
  3 frilled lizards
  12 rats
94 creatures vanquished.

Vanquished Creatures (others)
  An orc wizard (D:4)
1 creature vanquished.

Grand Total: 95 creatures vanquished

Notes
Turn   | Place    | Note
-------+----------+-------------------------------------------
     0 | D:1      | Flugkiller the Minotaur Fighter began the quest for the
                  | Orb.
     0 | D:1      | Reached XP level 1. HP: 19/19 MP: 0/0
   297 | D:1      | Found a faded altar of an unknown god.
   442 | D:1      | Reached skill level 3 in Axes
   442 | D:1      | Reached XP level 2. HP: 25/27 MP: 1/1
  1439 | D:2      | You fall into a shaft and drop 1 floor!
  1459 | D:3      | Reached XP level 3. HP: 31/33 MP: 2/2
  1567 | D:3      | Reached skill level 4 in Axes
  1650 | D:3      | Reached XP level 4. HP: 40/41 MP: 3/3
  2216 | D:4      | Noticed a necrophage
  2225 | D:4      | Killed a necrophage
  2226 | D:4      | Reached XP level 5. HP: 41/47 MP: 4/4
  2293 | D:4      | Reached skill level 5 in Axes
  2452 | D:4      | Reached skill level 5 in Fighting
  2452 | D:4      | Reached skill level 5 in Armour
  2465 | D:4      | Reached XP level 6. HP: 49/56 MP: 5/5
  2565 | D:4      | Found Aoefun's Alliterative Accessories.
  2576 | D:4      | Reached skill level 6 in Axes
  3247 | D:4      | Reached XP level 7. HP: 35/62 MP: 6/6
  3618 | D:4      | Reached skill level 7 in Axes
  4018 | D:5      | Entered Level 5 of the Dungeon
  4433 | D:4      | HP: 1/63 [gnoll bouda/+0 club (8)]
  4434 | D:4      | Slain by a gnoll bouda

Illustrated notes

Levels and vault maps discovered:
D:1:      minmay_arrival_radiant_lines, layout_basic,
          ebering_ecumenical_altar_webs
D:2:      layout_basic, minmay_misc_feat_nine_boxes,
          nicolae_figureground_sparkle
D:3:      layout_rooms
D:4:      minmay_chambers_of_fours, layout_loops_ring, nicolae_alphabet_shops,
          minmay_a_box_with_orc_wizards_in_it
D:5:      cheibrodos_thug_alley, layout_loops_ring,
          chequers_temple_overflow_minitemple, serial_shops,
          nicolae_shop_statue_plus

Skill      XL: |  1  2  3  4  5  6  7 |
---------------+----------------------+-----
Axes           | 3 4 5 6 7 |  7.4
Fighting       | 4 5 6 |  6.1
Armour         | 4 5 6 |  6.0
Shields        | |  3.6

Action                   |  1- 3 |  4- 6 |  7- 9 || total
-------------------------+-------+-------+-------++-------
Melee: War axe           |    64 |   105 |    56 ||   225
       Headbutt          |    12 |    18 |    10 ||    40
  Use: Potion            |       |     2 |     1 ||     3
Armor: Scale mail        |    25 |    61 |    18 ||   104
Dodge: Dodged            |    19 |    33 |    20 ||    72
Block: Buckler           |    11 |    21 |    11 ||    43

Table legend: (Time is in decaauts)
 A = Elapsed time spent in this place.
 B = Non-inter-level travel time spent in this place.
 C = Inter-level travel time spent in this place.
 D = Time resting spent in this place.
 E = Time spent auto-exploring this place.
 F = Levels seen in this place.
 G = Mean time per level.
                   A        B        C        D        E       F      G
               +--------+--------+--------+--------+--------+-----+--------+
         Total |   4504 |   4399 |    105 |    482 |   3234 |   5 |  900.8 |
       Dungeon |   4504 |   4399 |    105 |    482 |   3234 |   5 |  900.8 |
               +--------+--------+--------+--------+--------+-----+--------+

Top non-repeatable levels by time:
     D:4: 1982 daAuts
     D:1: 896 daAuts
     D:3: 893 daAuts
     D:2: 556 daAuts
     D:5: 176 daAuts
